WCHLSIM.com - West Coast Hockey League
html PUBLIC "-//W3C//DTD XHTML 1.0 Transitional//EN" "http://www.w3.org/TR/xhtml1/DTD/xhtml1-transitional.dtd"> WCHL - Game 94 - COLORADO GLACIERCATS vs BANFF WOLVES

COLORADO GLACIERCATS vs BANFF WOLVES

Created - 26 octobre 2021 at 20:34

Goals
1 2 3 T
COLORADO GLACIERCATS 1 1 1 3
BANFF WOLVES 3 0 1 4
Shots
1 2 3 T
COLORADO GLACIERCATS 7 10 6 23
BANFF WOLVES 10 11 7 28

1st period

1. BANFF WOLVES , Brady Tkachuk 4 (Alex Tuch 5, Nazem Kadri 3) at 0:04
2. BANFF WOLVES , Alex Tuch 3 (Esa Lindell 1) at 3:55
3. COLORADO GLACIERCATS , Devon Toews 1 (Torey Krug 1, Brayden Schenn 4) at 5:56 (PP)
4. BANFF WOLVES , Alex Tuch 4 (Brady Tkachuk 2, Nazem Kadri 4) at 10:59

Penalties :
Phillip DiGiuseppe (BAN) for Roughing (Double Minor) at 2:31, Ryan Ellis (COL) for Hooking (Minor) at 2:31

2nd period

5. COLORADO GLACIERCATS , Tomas Hertl 5 (Leon Draisaitl 5) at 16:26 (PP)

Penalties :
Brady Tkachuk (BAN) for Interference (Minor) at 9:03, Brayden Schenn (COL) for Holding (Minor) at 11:02, Brady Tkachuk (BAN) for Unsportsmanlike conduct (Minor) at 15:11, Devon Toews (COL) for Hooking (Minor) at 18:40

3rd period

6. BANFF WOLVES , Nazem Kadri 2 (Alex Tuch 6, Brady Tkachuk 3) at 13:50
7. COLORADO GLACIERCATS , Leon Draisaitl 5 (Tomas Hertl 4) at 14:16 (PP)

Penalties :
Devon Toews (COL) for Goalie Interference (Minor) at 6:19, Nick Cousins (BAN) for Tripping (Minor) at 8:48, Ilya Lyubushkin (COL) for Hooking (Minor) at 8:48, Nick Cousins (BAN) for Tripping (Minor) at 14:01, Esa Lindell (BAN) for Interference (Minor) at 14:50, Mathew Dumba (BAN) for Hooking (Minor) at 18:21

Goalie Stats

Craig Anderson (COL), 14 saves from 17 shots - (0,824), 33:11 minutes
Kaapo Kahkonen (COL), 10 saves from 11 shots - (0,909), L, 4-2-0, 25:34 minutes
Jonathan Quick (BAN), 20 saves from 23 shots - (0,870), W, 3-1-1, 60:00 minutes

Players Stats for COLORADO GLACIERCATS

Player Name              G  A  P  +/- PIM S  H  SB GA TA FO     MP     PP MP  PK MP  
------------------------------------------------------------------------------------
Alex Iafallo             0  0  0  -1  0   2  0  0  0  0  0/0    16:04   4:24   0:20 
Brayden Schenn           0  1  1  -2  2   2  0  0  0  0  0/0    17:37   4:23   0:00 
Cameron Hughes           0  0  0   0  0   2  1  0  0  0  1/1     5:49   0:00   0:00 
Devon Toews              1  0  1  -3  4   3  1  0  0  0  0/0    21:45   4:24   1:01 
Dustin Brown             0  0  0   0  0   0  2  0  0  0  0/0    10:49   0:00   0:00 
Erik Brannstrom          0  0  0   0  0   0  1  0  0  0  0/0    18:42   4:08   0:54 
Ilya Lyubushkin          0  0  0   0  2   0  1  0  0  0  0/0    15:29   0:00   1:20 
Joonas Donskoi           0  0  0  -2  0   1  0  0  0  0  0/1    16:42   0:00   2:42 
Leon Draisaitl           1  1  2  -1  0   5  0  2  0  0  4/9    20:43   4:08   3:15 
Luke Glendening          0  0  0   0  0   2  1  0  0  0  8/13    8:11   0:00   2:22 
Ryan Ellis               0  0  0  -1  2   1  3  2  0  0  0/0    23:35   4:08   2:42 
Ryan Getzlaf             0  0  0  -3  0   0  2  0  0  0  18/24  19:57   4:24   0:00 
Sam Reinhart             0  0  0  -2  0   2  0  0  0  0  0/0    17:22   4:08   0:00 
Tage Thompson            0  0  0   0  0   0  0  0  0  0  0/0     5:49   0:00   0:00 
Tomas Hertl              1  1  2  -1  0   2  2  0  0  0  13/22  17:28   4:08   0:00 
Torey Krug               0  1  1  -2  0   1  3  1  0  0  0/0    22:15   4:24   3:47 
Tyson Jost               0  0  0   0  0   0  1  2  0  0  3/7    14:04   0:00   3:15 
Vladislav Gavrikov       0  0  0  -1  0   0  0  1  0  0  0/0    17:39   0:00   2:10 

Players Stats for BANFF WOLVES

Player Name              G  A  P  +/- PIM S  H  SB GA TA FO     MP     PP MP  PK MP  
------------------------------------------------------------------------------------
Alex Tuch                2  2  4   4  0   4  0  2  0  0  2/12   24:38   3:38   5:20 
Brady Tkachuk            1  2  3   3  4   2  5  1  0  0  0/0    17:24   3:38   0:00 
Brandon Carlo            0  0  0   0  0   0  0  1  0  0  0/0    13:05   0:00   0:26 
Craig Smith              0  0  0   0  0   2  0  0  0  0  0/0    13:35   0:00   3:12 
Esa Lindell              0  1  1   2  2   2  2  2  0  0  0/0    25:19   3:24   3:11 
Jack Eichel              0  0  0   0  0   4  1  0  0  0  10/18  16:05   2:19   0:00 
Joel Kiviranta           0  0  0   0  0   3  1  0  0  0  1/1     8:39   0:00   0:00 
Kevin Labanc             0  0  0   0  0   0  2  0  0  0  0/1    16:05   2:19   0:00 
Logan O'Connor           0  0  0   0  0   1  0  0  0  0  0/1     5:42   0:00   0:00 
Mathew Dumba             0  0  0   2  2   0  1  2  0  0  0/0    19:37   2:33   2:58 
Mats Zuccarello          0  0  0   0  0   6  1  0  0  0  1/6    21:12   2:19   3:12 
Miro Heiskanen           0  0  0   2  0   0  0  1  0  0  0/0    24:42   3:24   4:18 
Nazem Kadri              1  2  3   4  0   3  0  0  0  0  11/21  24:38   3:38   5:20 
Nick Cousins             0  0  0   0  4   0  0  0  0  0  5/11    8:26   0:00   0:00 
Philippe Myers           0  0  0   0  0   1  2  0  0  0  0/0    13:42   0:00   1:03 
Phillip DiGiuseppe       0  0  0   0  4   0  3  0  0  0  0/0     5:30   0:00   0:00 
Ryan Suter               0  0  0   2  0   0  0  1  0  0  0/0    23:33   2:33   5:08 
Tanner Kero              0  0  0   0  0   0  0  0  0  0  0/6     5:31   0:00   0:00 

3 Stars

1 - Alex Tuch (BAN)
2 - Nazem Kadri (BAN)
3 - Brady Tkachuk (BAN)

Power Play

COLORADO GLACIERCATS - 3 on 6 Attempt(s) - 50,00%
BANFF WOLVES - 0 on 3 Attempt(s) - 0,00%

Penalty Kill

COLORADO GLACIERCATS - 3 on 3 Attempt(s) - 100,00% - Score 0 goal in Penalty Kill
BANFF WOLVES - 3 on 6 Attempt(s) - 50,00% - Score 0 goal in Penalty Kill

Team Stat

COLORADO GLACIERCATS - Hits : 18 - Faceoff Wins : 47 - Blocked Shots : 8 - Penalty Minutes : 10
BANFF WOLVES - Hits : 18 - Faceoff Wins : 30 - Blocked Shots : 10 - Penalty Minutes : 16

Official

Referees : Ghislain Hebert and Brandon Blandina
Linesman : Derek Nansen and Derek Wahl

Game Notes

Craig Anderson is injured at 13:11 of 2nd period (Separated Right Shoulder)
Kaapo Kahkonen enters game at 13:11 of 2nd period

Finance

Level 1 -- Attendance: 4216 (59,80%) -- Ticket Income 843 200 $
Level 2 -- Attendance: 3413 (57,30%) -- Ticket Income 511 950 $
Level 3 -- Attendance: 1876 (80,17%) -- Ticket Income 187 600 $
Level 4 -- Attendance: 4496 (89,92%) -- Ticket Income 224 800 $
Luxury Box -- Attendance: 1038 (97,46%) -- Ticket Income 207 600 $
Game was played at the Rocky Mountains Sports Complex.
Total Attendance: 15039 (70,24%)
Total Ticket Income: 1 975 150 $
Other Expense: 19 752 $
Total Income: 1 955 398 $

COLORADO GLACIERCATS

5 vs 5 Forward 
   Center                   Left Wing                Right Wing               Time % Phy DF OF 
 1 Tomas Hertl              Joonas Donskoi           Leon Draisaitl           34     0   2  3  
 2 Ryan Getzlaf             Brayden Schenn           Sam Reinhart             34     0   2  3  
 3 Tyson Jost               Alex Iafallo             Dustin Brown             27     1   2  2  
 4 Luke Glendening          Cameron Hughes           Tage Thompson            5      1   2  2  

5 vs 5 Defense 
   Defense                  Defense                                           Time % Phy DF OF 
 1 Ryan Ellis               Vladislav Gavrikov                                37     0   3  2  
 2 Torey Krug               Devon Toews                                       32     0   2  3  
 3 Erik Brannstrom          Ilya Lyubushkin                                   29     0   4  1  
 4 Devon Toews              Ryan Ellis                                        2      0   1  4  

PowerPlay Forward 
   Center                   Left Wing                Right Wing               Time % Phy DF OF 
 1 Tomas Hertl              Leon Draisaitl           Sam Reinhart             50     0   0  5  
 2 Ryan Getzlaf             Alex Iafallo             Brayden Schenn           50     1   1  3  

PowerPlay Defense
   Defense                  Defense                                           Time % Phy DF OF 
 1 Torey Krug               Devon Toews                                       40     0   1  4  
 2 Ryan Ellis               Erik Brannstrom                                   60     0   2  3  

Penalty Kill 4 Players Forward 
   Center                   Wing                     Time % Phy DF OF 
 1 Luke Glendening          Joonas Donskoi           50     0   4  1  
 2 Leon Draisaitl           Tyson Jost               50     0   4  1  

Penalty Kill 4 Players Defense
   Defense                  Defense                  Time % Phy DF OF 
 1 Ryan Ellis               Vladislav Gavrikov       55     1   4  0  
 2 Devon Toews              Torey Krug               45     1   4  0  

Penalty Kill - 3 Players Forward 
   Forward                                           Time % Phy DF OF 
 1 Luke Glendening                                   50     0   5  0  
 2 Tyson Jost                                        50     0   5  0  

Penalty Kill - 3 Players Defense
   Defense                  Defense                  Time % Phy DF OF 
 1 Ryan Ellis               Vladislav Gavrikov       50     0   5  0  
 2 Devon Toews              Torey Krug               50     0   5  0  

4 vs 4 Forward 
   Center                   Wing                     Time % Phy DF OF 
 1 Tomas Hertl              Leon Draisaitl           50     0   1  4  
 2 Ryan Getzlaf             Joonas Donskoi           50     0   1  4  

4 vs 4 Defense
   Defense                  Defense                  Time % Phy DF OF 
 1 Devon Toews              Torey Krug               45     0   3  2  
 2 Ryan Ellis               Vladislav Gavrikov       55     0   3  2  

Last Minutes Offensive
   Center                   Left Wing                Right Wing               Defense                  Defense                  
   Tomas Hertl              Leon Draisaitl           Sam Reinhart             Devon Toews              Torey Krug               

Last Minutes Defensive
   Center                   Left Wing                Right Wing               Defense                  Defense                  
   Tomas Hertl              Tyson Jost               Leon Draisaitl           Devon Toews              Ryan Ellis               

Goaltenders
Starting : Craig Anderson           
Backup : Kaapo Kahkonen           

Extra Forwards
Normal : Leon Draisaitl, Sam Reinhart, Tomas Hertl - PP : Joonas Donskoi, Tyson Jost - PK : Cameron Hughes
Extra Defensemen
Normal : Erik Brannstrom, Ilya Lyubushkin, Torey Krug - PP : Vladislav Gavrikov - PK : Ilya Lyubushkin, Erik Brannstrom
Penalty Shots
Leon Draisaitl, Sam Reinhart, Tomas Hertl, Brayden Schenn, Joonas Donskoi
Custom OT Lines Forwards
Leon Draisaitl, Tomas Hertl, Sam Reinhart, Brayden Schenn, Ryan Getzlaf, Joonas Donskoi, Alex Iafallo, Dustin Brown, Tyson Jost, Luke Glendening
Custom OT Lines Defensemen
Devon Toews, Ryan Ellis, Torey Krug, Vladislav Gavrikov, Erik Brannstrom

Scratches
None

BANFF WOLVES

5 vs 5 Forward 
   Center                   Left Wing                Right Wing               Time % Phy DF OF 
 1 Nazem Kadri              Brady Tkachuk            Alex Tuch                36     1   2  2  
 2 Jack Eichel              Kevin Labanc             Mats Zuccarello          31     1   2  2  
 3 Nick Cousins             Joel Kiviranta           Craig Smith              23     1   2  2  
 4 Tanner Kero              Phillip DiGiuseppe       Logan O'Connor           10     1   2  2  

5 vs 5 Defense 
   Defense                  Defense                                           Time % Phy DF OF 
 1 Miro Heiskanen           Esa Lindell                                       36     1   2  2  
 2 Ryan Suter               Mathew Dumba                                      31     1   2  2  
 3 Brandon Carlo            Philippe Myers                                    23     1   2  2  
 4 Ryan Suter               Esa Lindell                                       10     1   2  2  

PowerPlay Forward 
   Center                   Left Wing                Right Wing               Time % Phy DF OF 
 1 Nazem Kadri              Brady Tkachuk            Alex Tuch                55     1   2  2  
 2 Jack Eichel              Kevin Labanc             Mats Zuccarello          45     1   2  2  

PowerPlay Defense
   Defense                  Defense                                           Time % Phy DF OF 
 1 Miro Heiskanen           Esa Lindell                                       55     1   2  2  
 2 Ryan Suter               Mathew Dumba                                      45     1   2  2  

Penalty Kill 4 Players Forward 
   Center                   Wing                     Time % Phy DF OF 
 1 Alex Tuch                Nazem Kadri              55     1   2  2  
 2 Mats Zuccarello          Craig Smith              45     1   2  2  

Penalty Kill 4 Players Defense
   Defense                  Defense                  Time % Phy DF OF 
 1 Ryan Suter               Esa Lindell              55     1   2  2  
 2 Miro Heiskanen           Mathew Dumba             45     1   2  2  

Penalty Kill - 3 Players Forward 
   Forward                                           Time % Phy DF OF 
 1 Alex Tuch                                         55     1   2  2  
 2 Nazem Kadri                                       45     1   2  2  

Penalty Kill - 3 Players Defense
   Defense                  Defense                  Time % Phy DF OF 
 1 Ryan Suter               Esa Lindell              55     1   2  2  
 2 Miro Heiskanen           Mathew Dumba             45     1   2  2  

4 vs 4 Forward 
   Center                   Wing                     Time % Phy DF OF 
 1 Alex Tuch                Nazem Kadri              55     1   2  2  
 2 Mats Zuccarello          Craig Smith              45     1   2  2  

4 vs 4 Defense
   Defense                  Defense                  Time % Phy DF OF 
 1 Miro Heiskanen           Esa Lindell              55     1   2  2  
 2 Ryan Suter               Mathew Dumba             45     1   2  2  

Last Minutes Offensive
   Center                   Left Wing                Right Wing               Defense                  Defense                  
   Nazem Kadri              Brady Tkachuk            Alex Tuch                Ryan Suter               Esa Lindell              

Last Minutes Defensive
   Center                   Left Wing                Right Wing               Defense                  Defense                  
   Nazem Kadri              Brady Tkachuk            Alex Tuch                Ryan Suter               Esa Lindell              

Goaltenders
Starting : Jonathan Quick           
Backup : Ilya Samsonov            

Extra Forwards
Normal : Nick Cousins, Joel Kiviranta, Logan O'Connor - PP : Nick Cousins, Joel Kiviranta - PK : Logan O'Connor
Extra Defensemen
Normal : Brandon Carlo, Philippe Myers, Miro Heiskanen - PP : Brandon Carlo - PK : Philippe Myers, Miro Heiskanen
Penalty Shots
Alex Tuch, Nazem Kadri, Mats Zuccarello, Craig Smith, Jack Eichel
Custom OT Lines Forwards
Alex Tuch, Nazem Kadri, Mats Zuccarello, Craig Smith, Jack Eichel, Brady Tkachuk, Kevin Labanc, Nick Cousins, Joel Kiviranta, Logan O'Connor
Custom OT Lines Defensemen
Ryan Suter, Esa Lindell, Miro Heiskanen, Mathew Dumba, Brandon Carlo

Scratches
Roope Hintz (Bruised Left Foot Injury)

% Time on Ice - COLORADO GLACIERCATS

Lines # - Real PCT - Wanted PCT - Time Play
Normal Forward
1 - 28% - 34% - 11:41
2 - 32% - 34% - 13:14
3 - 26% - 27% - 10:49
4 - 14% - 5% - 5:49
Normal Defense
1 - 33% - 37% - 13:42
2 - 29% - 32% - 11:53
3 - 33% - 29% - 13:40
4 - 6% - 2% - 2:18
PP Forward
1 - 48% - 50% - 4:08
2 - 52% - 50% - 4:24
PP Defense
1 - 52% - 40% - 4:24
2 - 48% - 60% - 4:08
PK Forward
1 - 45% - 50% - 2:42
2 - 55% - 50% - 3:15
PK Defense
1 - 36% - 55% - 2:07
2 - 64% - 45% - 3:50
PK3 Forward
1 - 0% - 50%
2 - 0% - 50%
PK3 Defense
1 - 0% - 50%
2 - 0% - 50%
44 Forward
1 - 42% - 50% - 1:39
2 - 58% - 50% - 2:19
44 Defense
1 - 55% - 45% - 2:11
2 - 45% - 55% - 1:47
Last Minute Offensive  - 0:00
Last Minute Defensive  - 0:00
Total
Forward - 60:00
Defense - 60:00

% Time on Ice - BANFF WOLVES

Lines # - Real PCT - Wanted PCT - Time Play
Normal Forward
1 - 33% - 36% - 13:48
2 - 33% - 31% - 13:46
3 - 20% - 23% - 8:28
4 - 13% - 10% - 5:31
Normal Defense
1 - 36% - 36% - 15:07
2 - 29% - 31% - 12:02
3 - 30% - 23% - 12:39
4 - 4% - 10% - 1:45
PP Forward
1 - 61% - 55% - 3:38
2 - 39% - 45% - 2:19
PP Defense
1 - 57% - 55% - 3:24
2 - 43% - 45% - 2:33
PK Forward
1 - 63% - 55% - 5:20
2 - 38% - 45% - 3:12
PK Defense
1 - 52% - 55% - 4:24
2 - 48% - 45% - 4:08
PK3 Forward
1 - 0% - 55%
2 - 0% - 45%
PK3 Defense
1 - 0% - 55%
2 - 0% - 45%
44 Forward
1 - 52% - 55% - 2:03
2 - 48% - 45% - 1:55
44 Defense
1 - 47% - 55% - 1:53
2 - 53% - 45% - 2:05
Last Minute Offensive  - 0:00
Last Minute Defensive  - 0:00
Total
Forward - 60:00
Defense - 60:00

Play-by-Play

1st period


0:01 of 1st period - Nazem Kadri wins face-off versus Leon Draisaitl in neutral zone.
0:04 of 1st period - Shot by Alex Tuch.
0:04 of 1st period - Deflect By Brady Tkachuk.
0:04 of 1st period - Goal by Brady Tkachuk - COLORADO GLACIERCATS : 0 - BANFF WOLVES : 1.
0:05 of 1st period - Jack Eichel wins face-off versus Ryan Getzlaf in neutral zone.
0:41 of 1st period - Shot by Brayden Schenn.
0:41 of 1st period - Shot Blocked by Ryan Suter.
0:43 of 1st period - Shot by Torey Krug.
0:43 of 1st period - Stopped by Jonathan Quick with a rebound.
0:45 of 1st period - Shot by Torey Krug.
0:45 of 1st period - Deflect By Sam Reinhart.
0:45 of 1st period - Shot Misses the Net.
1:07 of 1st period - Erik Brannstrom is hit by Mats Zuccarello and loses puck.
1:42 of 1st period - Shot by Brady Tkachuk.
1:42 of 1st period - Shot Misses the Net.
2:17 of 1st period - Shot by Joel Kiviranta.
2:17 of 1st period - Shot Misses the Net.
2:29 of 1st period - Shot by Craig Smith.
2:29 of 1st period - Stopped by Craig Anderson without a rebound.
2:30 of 1st period - Tomas Hertl wins face-off versus Tanner Kero in COLORADO GLACIERCATS zone.
2:30 of 1st period - Tomas Hertl is hit by Phillip DiGiuseppe.
2:31 of 1st period - Double Minor Penalty to Phillip DiGiuseppe for Roughing.
2:31 of 1st period - Minor Penalty to Ryan Ellis for Hooking.
2:32 of 1st period - Tomas Hertl wins face-off versus Alex Tuch in COLORADO GLACIERCATS zone.
2:39 of 1st period - Shot by Leon Draisaitl.
2:39 of 1st period - Shot Blocked by Mathew Dumba.
2:49 of 1st period - Shot by Nazem Kadri.
2:49 of 1st period - Shot Misses the Net.
2:55 of 1st period - Shot by Alex Tuch.
2:55 of 1st period - Shot Blocked by Leon Draisaitl.
3:41 of 1st period - Icing by Devon Toews.
3:42 of 1st period - Ryan Getzlaf wins face-off versus Alex Tuch in COLORADO GLACIERCATS zone.
3:55 of 1st period - Shot by Alex Tuch.
3:55 of 1st period - Goal by Alex Tuch - COLORADO GLACIERCATS : 0 - BANFF WOLVES : 2.
3:56 of 1st period - Ryan Getzlaf wins face-off versus Mats Zuccarello in neutral zone.
4:03 of 1st period - Icing by Mats Zuccarello.
4:04 of 1st period - Mats Zuccarello wins face-off versus Ryan Getzlaf in BANFF WOLVES zone.
4:09 of 1st period - Shot by Mats Zuccarello.
4:09 of 1st period - Shot Misses the Net.
4:11 of 1st period - Shot by Craig Smith.
4:11 of 1st period - Shot Misses the Net.
4:47 of 1st period - Nazem Kadri is hit by Tomas Hertl and loses puck.
5:12 of 1st period - Shot by Leon Draisaitl.
5:12 of 1st period - Stopped by Jonathan Quick without a rebound.
5:13 of 1st period - Ryan Getzlaf wins face-off versus Alex Tuch in BANFF WOLVES zone.
5:52 of 1st period - Shot by Brayden Schenn.
5:52 of 1st period - Shot Misses the Net.
5:54 of 1st period - Shot by Torey Krug.
5:54 of 1st period - Shot Hit the Post.
5:56 of 1st period - Shot by Devon Toews.
5:56 of 1st period - Goal by Devon Toews - COLORADO GLACIERCATS : 1 - BANFF WOLVES : 2.
5:57 of 1st period - Tomas Hertl wins face-off versus Nick Cousins in neutral zone.
6:31 of 1st period - Shot by Joonas Donskoi.
6:31 of 1st period - Shot Misses the Net.
6:33 of 1st period - Shot by Leon Draisaitl.
6:33 of 1st period - Stopped by Jonathan Quick without a rebound.
6:34 of 1st period - Luke Glendening wins face-off versus Jack Eichel in BANFF WOLVES zone.
6:41 of 1st period - Shot by Luke Glendening.
6:41 of 1st period - Shot Misses the Net.
6:43 of 1st period - Shot by Ilya Lyubushkin.
6:43 of 1st period - Shot Blocked by Esa Lindell.
6:51 of 1st period - Esa Lindell is hit by Luke Glendening and loses puck.
7:12 of 1st period - Shot by Tage Thompson.
7:12 of 1st period - Shot Misses the Net.
7:48 of 1st period - Icing by Devon Toews.
7:49 of 1st period - Nazem Kadri wins face-off versus Ryan Getzlaf in COLORADO GLACIERCATS zone.
7:50 of 1st period - Shot by Alex Tuch.
7:50 of 1st period - Stopped by Craig Anderson without a rebound.
7:51 of 1st period - Tomas Hertl wins face-off versus Nazem Kadri in COLORADO GLACIERCATS zone.
8:03 of 1st period - Icing by Vladislav Gavrikov.
8:04 of 1st period - Tomas Hertl wins face-off versus Nick Cousins in COLORADO GLACIERCATS zone.
8:25 of 1st period - Shot by Nick Cousins.
8:25 of 1st period - Shot Blocked by Ryan Ellis.
8:47 of 1st period - Shot by Leon Draisaitl.
8:47 of 1st period - Stopped by Jonathan Quick without a rebound.
8:48 of 1st period - Ryan Getzlaf wins face-off versus Nazem Kadri in BANFF WOLVES zone.
9:13 of 1st period - Shot by Sam Reinhart.
9:13 of 1st period - Shot Misses the Net.
9:23 of 1st period - Icing by Devon Toews.
9:24 of 1st period - Ryan Getzlaf wins face-off versus Tanner Kero in COLORADO GLACIERCATS zone.
10:24 of 1st period - Devon Toews is hit by Phillip DiGiuseppe and loses puck.
10:59 of 1st period - Shot by Alex Tuch.
10:59 of 1st period - Goal by Alex Tuch - COLORADO GLACIERCATS : 1 - BANFF WOLVES : 3.
11:00 of 1st period - Jack Eichel wins face-off versus Tomas Hertl in neutral zone.
11:32 of 1st period - Shot by Jack Eichel.
11:32 of 1st period - Shot Misses the Net.
12:10 of 1st period - Shot by Erik Brannstrom.
12:10 of 1st period - Shot Misses the Net.
12:33 of 1st period - Shot by Dustin Brown.
12:33 of 1st period - Shot Misses the Net.
12:50 of 1st period - Shot by Cameron Hughes.
12:50 of 1st period - Stopped by Jonathan Quick without a rebound.
12:51 of 1st period - Luke Glendening wins face-off versus Nick Cousins in BANFF WOLVES zone.
13:23 of 1st period - Icing by Miro Heiskanen.
13:24 of 1st period - Nick Cousins wins face-off versus Joonas Donskoi in BANFF WOLVES zone.
13:29 of 1st period - Shot by Craig Smith.
13:29 of 1st period - Shot Blocked by Leon Draisaitl.
13:34 of 1st period - Icing by Leon Draisaitl.
13:35 of 1st period - Tomas Hertl wins face-off versus Nazem Kadri in COLORADO GLACIERCATS zone.
14:24 of 1st period - Shot by Alex Iafallo.
14:24 of 1st period - Shot Blocked by Brady Tkachuk.
14:43 of 1st period - Off-side.
14:44 of 1st period - Ryan Getzlaf wins face-off versus Jack Eichel in neutral zone.
15:06 of 1st period - Shot by Brayden Schenn.
15:06 of 1st period - Shot Blocked by Esa Lindell.
15:08 of 1st period - Shot by Ryan Ellis.
15:08 of 1st period - Stopped by Jonathan Quick with a rebound.
15:47 of 1st period - Icing by Leon Draisaitl.
15:48 of 1st period - Nick Cousins wins face-off versus Tomas Hertl in COLORADO GLACIERCATS zone.
16:28 of 1st period - Shot by Tomas Hertl.
16:28 of 1st period - Shot Blocked by Brandon Carlo.
16:40 of 1st period - Off-side.
16:41 of 1st period - Nazem Kadri wins face-off versus Tyson Jost in neutral zone.
16:43 of 1st period - Mathew Dumba is hit by Ilya Lyubushkin and loses puck.
17:17 of 1st period - Nazem Kadri is hit by Erik Brannstrom and loses puck.
17:47 of 1st period - Icing by Esa Lindell.
17:48 of 1st period - Ryan Getzlaf wins face-off versus Jack Eichel in BANFF WOLVES zone.
18:15 of 1st period - Shot by Kevin Labanc.
18:15 of 1st period - Shot Misses the Net.
18:25 of 1st period - Shot by Mats Zuccarello.
18:25 of 1st period - Shot Blocked by Ryan Ellis.
18:27 of 1st period - Shot by Esa Lindell.
18:27 of 1st period - Stopped by Craig Anderson without a rebound.
18:28 of 1st period - Nick Cousins wins face-off versus Tomas Hertl in COLORADO GLACIERCATS zone.
18:42 of 1st period - Icing by Philippe Myers.
18:43 of 1st period - Luke Glendening wins face-off versus Nick Cousins in BANFF WOLVES zone.
18:50 of 1st period - Shot by Joel Kiviranta.
18:50 of 1st period - Stopped by Craig Anderson without a rebound.
18:51 of 1st period - Nazem Kadri wins face-off versus Tomas Hertl in COLORADO GLACIERCATS zone.
19:24 of 1st period - Shot by Joonas Donskoi.
19:24 of 1st period - Shot Misses the Net.
19:34 of 1st period - Shot by Alex Tuch.
19:34 of 1st period - Shot Hit the Post.
19:45 of 1st period - Icing by Leon Draisaitl.
19:46 of 1st period - Jack Eichel wins face-off versus Tomas Hertl in COLORADO GLACIERCATS zone.
19:47 of 1st period - Shot by Mats Zuccarello.
19:47 of 1st period - Stopped by Craig Anderson with a rebound.
19:49 of 1st period - Shot by Philippe Myers.
19:49 of 1st period - Stopped by Craig Anderson with a rebound.
19:51 of 1st period - Shot by Jack Eichel.
19:51 of 1st period - Shot Blocked by Vladislav Gavrikov.
19:55 of 1st period - Shot by Mats Zuccarello.
19:55 of 1st period - Stopped by Craig Anderson without a rebound.
19:56 of 1st period - Ryan Getzlaf wins face-off versus Nick Cousins in COLORADO GLACIERCATS zone.
Goals for this period are 1 for COLORADO GLACIERCATS vs 3 for BANFF WOLVES.
Shots for this period are 7 for COLORADO GLACIERCATS vs 10 for BANFF WOLVES.

2nd period


0:01 of 2nd period - Ryan Getzlaf wins face-off versus Nazem Kadri in neutral zone.
0:13 of 2nd period - Icing by Alex Tuch.
0:14 of 2nd period - Nazem Kadri wins face-off versus Tyson Jost in BANFF WOLVES zone.
0:14 of 2nd period - Nazem Kadri is hit by Dustin Brown.
0:23 of 2nd period - Nazem Kadri is hit by Torey Krug.
0:32 of 2nd period - Alex Tuch is hit by Devon Toews.
1:31 of 2nd period - Shot by Brayden Schenn.
1:31 of 2nd period - Shot Misses the Net.
1:33 of 2nd period - Shot by Ryan Getzlaf.
1:33 of 2nd period - Shot Misses the Net.
1:35 of 2nd period - Shot by Ryan Getzlaf.
1:35 of 2nd period - Shot Misses the Net.
1:37 of 2nd period - Shot by Sam Reinhart.
1:37 of 2nd period - Deflect By Brayden Schenn.
1:37 of 2nd period - Shot Misses the Net.
1:50 of 2nd period - Shot by Vladislav Gavrikov.
1:50 of 2nd period - Shot Blocked by Miro Heiskanen.
1:52 of 2nd period - Shot by Brayden Schenn.
1:52 of 2nd period - Shot Misses the Net.
1:56 of 2nd period - Shot by Brayden Schenn.
1:56 of 2nd period - Shot Misses the Net.
2:03 of 2nd period - Icing by Esa Lindell.
2:04 of 2nd period - Tomas Hertl wins face-off versus Alex Tuch in BANFF WOLVES zone.
2:30 of 2nd period - Icing by Alex Tuch.
2:31 of 2nd period - Nazem Kadri wins face-off versus Luke Glendening in BANFF WOLVES zone.
2:41 of 2nd period - Off-side.
2:42 of 2nd period - Tyson Jost wins face-off versus Mats Zuccarello in neutral zone.
3:09 of 2nd period - Shot by Alex Iafallo.
3:09 of 2nd period - Stopped by Jonathan Quick without a rebound.
3:10 of 2nd period - Ryan Getzlaf wins face-off versus Nick Cousins in BANFF WOLVES zone.
3:32 of 2nd period - Shot by Craig Smith.
3:32 of 2nd period - Stopped by Craig Anderson with a rebound.
4:02 of 2nd period - Icing by Ryan Getzlaf.
4:03 of 2nd period - Jack Eichel wins face-off versus Ryan Getzlaf in COLORADO GLACIERCATS zone.
4:18 of 2nd period - Shot by Mats Zuccarello.
4:18 of 2nd period - Stopped by Craig Anderson without a rebound.
4:19 of 2nd period - Tomas Hertl wins face-off versus Tanner Kero in COLORADO GLACIERCATS zone.
4:42 of 2nd period - Shot by Leon Draisaitl.
4:42 of 2nd period - Shot Misses the Net.
4:44 of 2nd period - Shot by Joonas Donskoi.
4:44 of 2nd period - Stopped by Jonathan Quick with a rebound.
5:00 of 2nd period - Shot by Tomas Hertl.
5:00 of 2nd period - Deflect By Joonas Donskoi.
5:00 of 2nd period - Shot Misses the Net.
5:02 of 2nd period - Shot by Tomas Hertl.
5:02 of 2nd period - Shot Misses the Net.
5:04 of 2nd period - Shot by Joonas Donskoi.
5:04 of 2nd period - Shot Blocked by Mathew Dumba.
5:57 of 2nd period - Shot by Jack Eichel.
5:57 of 2nd period - Shot Blocked by Tyson Jost.
6:15 of 2nd period - Shot by Joel Kiviranta.
6:15 of 2nd period - Stopped by Craig Anderson without a rebound.
6:16 of 2nd period - Nazem Kadri wins face-off versus Ryan Getzlaf in COLORADO GLACIERCATS zone.
6:54 of 2nd period - Shot by Brady Tkachuk.
6:54 of 2nd period - Shot Misses the Net.
7:47 of 2nd period - Joonas Donskoi is hit by Mathew Dumba and loses puck.
8:16 of 2nd period - Icing by Ryan Suter.
8:17 of 2nd period - Joel Kiviranta wins face-off versus Tyson Jost in BANFF WOLVES zone.
8:58 of 2nd period - Shot by Jack Eichel.
8:58 of 2nd period - Stopped by Craig Anderson with a rebound.
9:02 of 2nd period - Shot by Mats Zuccarello.
9:02 of 2nd period - Stopped by Craig Anderson without a rebound.
9:03 of 2nd period - Luke Glendening wins face-off versus Nazem Kadri in COLORADO GLACIERCATS zone.
9:03 of 2nd period - Minor Penalty to Brady Tkachuk for Interference.
9:04 of 2nd period - Tomas Hertl wins face-off versus Alex Tuch in BANFF WOLVES zone.
9:18 of 2nd period - Shot by Sam Reinhart.
9:18 of 2nd period - Stopped by Jonathan Quick without a rebound.
9:19 of 2nd period - Ryan Getzlaf wins face-off versus Alex Tuch in BANFF WOLVES zone.
9:30 of 2nd period - Shot by Devon Toews.
9:30 of 2nd period - Stopped by Jonathan Quick without a rebound.
9:31 of 2nd period - Leon Draisaitl wins face-off versus Alex Tuch in BANFF WOLVES zone.
10:08 of 2nd period - Shot by Tomas Hertl.
10:08 of 2nd period - Stopped by Jonathan Quick with a rebound.
10:32 of 2nd period - Shot by Mats Zuccarello.
10:32 of 2nd period - Stopped by Craig Anderson with a rebound.
10:41 of 2nd period - Shot by Torey Krug.
10:41 of 2nd period - Shot Misses the Net.
10:43 of 2nd period - Shot by Brayden Schenn.
10:43 of 2nd period - Stopped by Jonathan Quick without a rebound.
10:44 of 2nd period - Ryan Getzlaf wins face-off versus Alex Tuch in BANFF WOLVES zone.
11:02 of 2nd period - Minor Penalty to Brayden Schenn for Holding.
11:03 of 2nd period - Jack Eichel wins face-off versus Luke Glendening in COLORADO GLACIERCATS zone.
11:03 of 2nd period - Kevin Labanc is hit by Ryan Ellis and loses puck.
11:59 of 2nd period - Icing by Nazem Kadri.
12:00 of 2nd period - Nazem Kadri wins face-off versus Leon Draisaitl in BANFF WOLVES zone.
12:47 of 2nd period - Shot by Brady Tkachuk.
12:47 of 2nd period - Shot Blocked by Tyson Jost.
13:11 of 2nd period - Shot by Joel Kiviranta.
13:11 of 2nd period - Stopped by Craig Anderson with a rebound.
13:11 of 2nd period - Craig Anderson from COLORADO GLACIERCATS is injured at 13:11 of 2nd period (Separated Right Shoulder).
13:11 of 2nd period - Kaapo Kahkonen enters game.
13:12 of 2nd period - Ryan Getzlaf wins face-off versus Tanner Kero in COLORADO GLACIERCATS zone.
13:17 of 2nd period - Shot by Sam Reinhart.
13:17 of 2nd period - Stopped by Jonathan Quick without a rebound.
13:18 of 2nd period - Ryan Getzlaf wins face-off versus Jack Eichel in BANFF WOLVES zone.
14:01 of 2nd period - Ryan Ellis is hit by Jack Eichel.
14:15 of 2nd period - Ilya Lyubushkin is hit by Kevin Labanc and loses puck.
14:23 of 2nd period - Icing by Leon Draisaitl.
14:24 of 2nd period - Tomas Hertl wins face-off versus Nazem Kadri in COLORADO GLACIERCATS zone.
14:24 of 2nd period - Tomas Hertl is hit by Brady Tkachuk.
15:11 of 2nd period - Minor Penalty to Brady Tkachuk for Unsportsmanlike conduct.
15:12 of 2nd period - Ryan Getzlaf wins face-off versus Mats Zuccarello in BANFF WOLVES zone.
15:29 of 2nd period - Shot by Devon Toews.
15:29 of 2nd period - Shot Blocked by Alex Tuch.
15:31 of 2nd period - Shot by Devon Toews.
15:31 of 2nd period - Stopped by Jonathan Quick without a rebound.
15:32 of 2nd period - Ryan Getzlaf wins face-off versus Mats Zuccarello in BANFF WOLVES zone.
15:51 of 2nd period - Alex Tuch is hit by Ryan Getzlaf and loses puck.
16:06 of 2nd period - Shot by Alex Iafallo.
16:06 of 2nd period - Stopped by Jonathan Quick without a rebound.
16:07 of 2nd period - Tomas Hertl wins face-off versus Mats Zuccarello in BANFF WOLVES zone.
16:26 of 2nd period - Shot by Tomas Hertl.
16:26 of 2nd period - Goal by Tomas Hertl - COLORADO GLACIERCATS : 2 - BANFF WOLVES : 3.
16:27 of 2nd period - Luke Glendening wins face-off versus Tanner Kero in neutral zone.
16:43 of 2nd period - Phillip DiGiuseppe is hit by Ryan Ellis and loses puck.
16:56 of 2nd period - Shot by Logan O'Connor.
16:56 of 2nd period - Stopped by Kaapo Kahkonen with a rebound.
18:04 of 2nd period - Icing by Ryan Ellis.
18:05 of 2nd period - Cameron Hughes wins face-off versus Kevin Labanc in COLORADO GLACIERCATS zone.
18:09 of 2nd period - Icing by Luke Glendening.
18:10 of 2nd period - Luke Glendening wins face-off versus Jack Eichel in COLORADO GLACIERCATS zone.
18:25 of 2nd period - Shot by Jack Eichel.
18:25 of 2nd period - Stopped by Kaapo Kahkonen with a rebound.
18:36 of 2nd period - Mats Zuccarello is hit by Torey Krug and loses puck.
18:40 of 2nd period - Minor Penalty to Devon Toews for Hooking.
18:41 of 2nd period - Nazem Kadri wins face-off versus Leon Draisaitl in COLORADO GLACIERCATS zone.
18:44 of 2nd period - Shot by Alex Tuch.
18:44 of 2nd period - Stopped by Kaapo Kahkonen with a rebound.
18:46 of 2nd period - Shot by Brady Tkachuk.
18:46 of 2nd period - Shot Misses the Net.
18:48 of 2nd period - Shot by Nazem Kadri.
18:48 of 2nd period - Stopped by Kaapo Kahkonen without a rebound.
18:49 of 2nd period - Leon Draisaitl wins face-off versus Nazem Kadri in COLORADO GLACIERCATS zone.
18:49 of 2nd period - Leon Draisaitl is hit by Brady Tkachuk.
19:00 of 2nd period - Leon Draisaitl is hit by Brady Tkachuk and loses puck.
19:38 of 2nd period - Icing by Alex Tuch.
19:39 of 2nd period - Nazem Kadri wins face-off versus Leon Draisaitl in BANFF WOLVES zone.
Goals for this period are 1 for COLORADO GLACIERCATS vs 0 for BANFF WOLVES.
Shots for this period are 10 for COLORADO GLACIERCATS vs 11 for BANFF WOLVES.

3rd period


0:01 of 3rd period - Nazem Kadri wins face-off versus Luke Glendening in neutral zone.
0:14 of 3rd period - Shot by Miro Heiskanen.
0:14 of 3rd period - Shot Misses the Net.
0:16 of 3rd period - Shot by Alex Tuch.
0:16 of 3rd period - Shot Misses the Net.
0:18 of 3rd period - Shot by Nazem Kadri.
0:18 of 3rd period - Shot Misses the Net.
0:20 of 3rd period - Shot by Esa Lindell.
0:20 of 3rd period - Stopped by Kaapo Kahkonen without a rebound.
0:21 of 3rd period - Jack Eichel wins face-off versus Leon Draisaitl in COLORADO GLACIERCATS zone.
1:03 of 3rd period - Devon Toews is hit by Joel Kiviranta and loses puck.
1:32 of 3rd period - Ryan Getzlaf is hit by Brady Tkachuk.
1:58 of 3rd period - Shot by Nazem Kadri.
1:58 of 3rd period - Deflect By Brady Tkachuk.
1:58 of 3rd period - Stopped by Kaapo Kahkonen with a rebound.
2:02 of 3rd period - Shot by Alex Tuch.
2:02 of 3rd period - Deflect By Nazem Kadri.
2:02 of 3rd period - Shot Misses the Net.
2:42 of 3rd period - Shot by Jack Eichel.
2:42 of 3rd period - Stopped by Kaapo Kahkonen with a rebound.
2:54 of 3rd period - Shot by Mats Zuccarello.
2:54 of 3rd period - Stopped by Kaapo Kahkonen without a rebound.
2:55 of 3rd period - Tyson Jost wins face-off versus Logan O'Connor in COLORADO GLACIERCATS zone.
3:29 of 3rd period - Icing by Ilya Lyubushkin.
3:30 of 3rd period - Jack Eichel wins face-off versus Tyson Jost in COLORADO GLACIERCATS zone.
3:33 of 3rd period - Shot by Kevin Labanc.
3:33 of 3rd period - Deflect By Jack Eichel.
3:33 of 3rd period - Stopped by Kaapo Kahkonen with a rebound.
3:35 of 3rd period - Shot by Jack Eichel.
3:35 of 3rd period - Shot Misses the Net.
4:34 of 3rd period - Nazem Kadri is hit by Dustin Brown and loses puck.
4:47 of 3rd period - Torey Krug is hit by Brady Tkachuk and loses puck.
5:05 of 3rd period - Shot by Nazem Kadri.
5:05 of 3rd period - Stopped by Kaapo Kahkonen without a rebound.
5:06 of 3rd period - Nick Cousins wins face-off versus Luke Glendening in COLORADO GLACIERCATS zone.
5:35 of 3rd period - Shot by Ryan Ellis.
5:35 of 3rd period - Shot Misses the Net.
5:47 of 3rd period - Shot by Cameron Hughes.
5:47 of 3rd period - Stopped by Jonathan Quick without a rebound.
5:48 of 3rd period - Jack Eichel wins face-off versus Tomas Hertl in BANFF WOLVES zone.
5:48 of 3rd period - Jack Eichel is hit by Tomas Hertl.
5:57 of 3rd period - Shot by Mats Zuccarello.
5:57 of 3rd period - Shot Misses the Net.
6:04 of 3rd period - Off-side.
6:05 of 3rd period - Ryan Getzlaf wins face-off versus Nazem Kadri in neutral zone.
6:15 of 3rd period - Brady Tkachuk is hit by Torey Krug and loses puck.
6:19 of 3rd period - Minor Penalty to Devon Toews for Goalie Interference.
6:20 of 3rd period - Jack Eichel wins face-off versus Luke Glendening in COLORADO GLACIERCATS zone.
8:00 of 3rd period - Icing by Brady Tkachuk.
8:01 of 3rd period - Leon Draisaitl wins face-off versus Nazem Kadri in BANFF WOLVES zone.
8:48 of 3rd period - Minor Penalty to Nick Cousins for Tripping.
8:48 of 3rd period - Minor Penalty to Ilya Lyubushkin for Hooking.
8:49 of 3rd period - Alex Tuch wins face-off versus Tomas Hertl in COLORADO GLACIERCATS zone.
9:06 of 3rd period - Shot by Leon Draisaitl.
9:06 of 3rd period - Shot Blocked by Alex Tuch.
11:10 of 3rd period - Logan O'Connor is hit by Tyson Jost and loses puck.
11:19 of 3rd period - Shot by Tyson Jost.
11:19 of 3rd period - Shot Misses the Net.
11:59 of 3rd period - Tyson Jost is hit by Phillip DiGiuseppe.
12:18 of 3rd period - Brandon Carlo is hit by Ryan Ellis and loses puck.
12:32 of 3rd period - Icing by Ryan Ellis.
12:33 of 3rd period - Luke Glendening wins face-off versus Jack Eichel in COLORADO GLACIERCATS zone.
12:33 of 3rd period - Luke Glendening is hit by Kevin Labanc.
12:41 of 3rd period - Miro Heiskanen is hit by Cameron Hughes and loses puck.
12:47 of 3rd period - Luke Glendening is hit by Esa Lindell and loses puck.
13:04 of 3rd period - Luke Glendening is hit by Esa Lindell.
13:46 of 3rd period - Shot by Alex Tuch.
13:46 of 3rd period - Shot Misses the Net.
13:48 of 3rd period - Shot by Alex Tuch.
13:48 of 3rd period - Shot Blocked by Torey Krug.
13:50 of 3rd period - Shot by Alex Tuch.
13:50 of 3rd period - Deflect By Nazem Kadri.
13:50 of 3rd period - Goal by Nazem Kadri - COLORADO GLACIERCATS : 2 - BANFF WOLVES : 4.
13:51 of 3rd period - Nick Cousins wins face-off versus Tomas Hertl in neutral zone.
14:01 of 3rd period - Minor Penalty to Nick Cousins for Tripping.
14:02 of 3rd period - Tomas Hertl wins face-off versus Alex Tuch in BANFF WOLVES zone.
14:16 of 3rd period - Shot by Tomas Hertl.
14:16 of 3rd period - Deflect By Leon Draisaitl.
14:16 of 3rd period - Goal by Leon Draisaitl - COLORADO GLACIERCATS : 3 - BANFF WOLVES : 4.
14:17 of 3rd period - Tyson Jost wins face-off versus Jack Eichel in neutral zone.
14:48 of 3rd period - Icing by Miro Heiskanen.
14:49 of 3rd period - Leon Draisaitl wins face-off versus Jack Eichel in BANFF WOLVES zone.
14:50 of 3rd period - Shot by Tomas Hertl.
14:50 of 3rd period - Deflect By Leon Draisaitl.
14:50 of 3rd period - Stopped by Jonathan Quick without a rebound.
14:50 of 3rd period - Minor Penalty to Esa Lindell for Interference.
14:51 of 3rd period - Tomas Hertl wins face-off versus Alex Tuch in BANFF WOLVES zone.
15:16 of 3rd period - Erik Brannstrom is hit by Philippe Myers and loses puck.
15:26 of 3rd period - Tomas Hertl is hit by Philippe Myers.
15:46 of 3rd period - Craig Smith is hit by Ryan Getzlaf and loses puck.
16:09 of 3rd period - Shot by Torey Krug.
16:09 of 3rd period - Shot Misses the Net.
16:54 of 3rd period - Icing by Cameron Hughes.
16:55 of 3rd period - Luke Glendening wins face-off versus Tanner Kero in COLORADO GLACIERCATS zone.
17:10 of 3rd period - Shot by Luke Glendening.
17:10 of 3rd period - Stopped by Jonathan Quick with a rebound.
17:12 of 3rd period - Shot by Luke Glendening.
17:12 of 3rd period - Stopped by Jonathan Quick without a rebound.
17:13 of 3rd period - Jack Eichel wins face-off versus Tomas Hertl in BANFF WOLVES zone.
18:18 of 3rd period - Shot by Brayden Schenn.
18:18 of 3rd period - Stopped by Jonathan Quick without a rebound.
18:19 of 3rd period - Ryan Getzlaf wins face-off versus Nazem Kadri in BANFF WOLVES zone.
18:21 of 3rd period - Minor Penalty to Mathew Dumba for Hooking.
18:22 of 3rd period - Alex Tuch wins face-off versus Ryan Getzlaf in BANFF WOLVES zone.
18:45 of 3rd period - COLORADO GLACIERCATS, Kaapo Kahkonen is pulled from the net.
Goals for this period are 1 for COLORADO GLACIERCATS vs 1 for BANFF WOLVES.
Shots for this period are 6 for COLORADO GLACIERCATS vs 7 for BANFF WOLVES.


NATHAN
MACKINNON
PHILLIP
DANAULT
CONNOR
MCDAVID

EAST COAST

HOCKEY LEAGUE

  • 25.QUE4CHI5
  • 26.CHA2LIM3
  • 27.TRV2LON3
  • 28.CHW4BAL2
  • 29.PITMAN
  • 30.ATLNHW
  • 31.WORPET
  • 32.RHI